 Dungeon Crawl Stone Soup version 0.31.0-32-g396128a36d (webtiles) character file.

Game seed: 16378863884203965078

4881 adizb the Cleaver (level 10, -2/71 (82) HPs)
             Began as a Human Fighter on Apr 14, 2024.
             Slain by a wight
             ... wielding a +3 battleaxe
              (9 damage)
             ... on level 8 of the Dungeon.
             The game lasted 00:38:54 (6752 turns).

adizb the Cleaver (Human Fighter)                   Turns: 6752, Time: 00:38:54

HP:   -2/71 (82)    AC: 15    Str: 21    XL:     10   Next: 50%
MP:   10/10         EV:  8    Int:  9    God:
Gold: 453           SH:  5    Dex: 16    Spells: 9/9 levels left

rFire   . . .        i - +0 broad axe (freeze)
rCold   . . .        c - +0 buckler
rNeg    . . .        o - +0 plate armour
rPois   .            (no helmet)
rElec   .            (no cloak)
rCorr   .            (no gloves)
SInv    .            y - +0 pair of boots
Will    +....        (no amulet) Stlth
                     j - +6 ring of dexterity
HPRegen 0.31/turn    (no ring)
MPRegen 0.12/turn

%: no passive effects
@: heavily drained, invisible
A: explore regen, clumsy 1, strong-willed 1, evolution 2
a: no special abilities


You were on level 8 of the Dungeon.
You visited 2 branches of the dungeon, and saw 9 of its levels.

You collected 453 gold pieces.

Inventory:

Hand Weapons
 e - a +3 spear of venom
 h - a +2 vampiric short sword
 i - a +0 broad axe of freezing (weapon)
 w - a +0 battleaxe
Missiles
 k - 4 boomerangs (quivered)
 s - 45 poisoned darts
Armour
 c - a +0 buckler (worn)
 o - a +0 plate armour (worn)
 p - +0 steam dragon scales
 u - a +2 ring mail of poison resistance
 y - a +0 pair of boots (worn)
Jewellery
 j - a +6 ring of dexterity (left hand)
 A - a ring of fire
Wands
 a - a wand of mindburst (11)
 g - a wand of digging (6)
 l - a wand of flame (50)
 v - a wand of roots (7)
Scrolls
 d - a scroll of enchant weapon {unknown}
 f - a scroll of blinking {unknown}
 q - a scroll of fear {unknown}
 t - 3 scrolls of teleportation
 x - a scroll of fog {unknown}
 B - a scroll of enchant armour {unknown}
Potions
 b - a potion of invisibility
 m - a potion of cancellation
 n - a potion of curing
 r - a potion of mutation
 z - a potion of lignification {unknown}


   Skills:
 + Level 8.4 Fighting
 * Level 9.0(9.2) Axes
 - Level 3.0(6.4) Polearms
 + Level 8.3 Armour
 + Level 4.6 Dodging
 - Level 3.0 Shields


You had 9 spell levels left.
You didn't know any spells.
Your spell library contained the following spells:

 Spells                   Type           Power      Damage    Failure   Level
 Ensorcelled Hibernation  Hex/Ice        0%         N/A       100%        2
 Dazzling Flash           Conj/Hex       0%         N/A       100%        3
 Hailstorm                Conj/Ice       0%         3d5       100%        3
 Passwall                 Erth           0%         N/A       100%        3
 Swiftness                Air            0%         N/A       100%        3
 Tukima's Dance           Hex            0%         N/A       100%        3
 Anguish                  Hex/Necr       0%         N/A       100%        4
 Passage of Golubria      Tloc           0%         N/A       100%        4
 Yara's Violent Unravell  Hex/Alch       0%         3d3       100%        5


Dungeon Overview and Level Annotations

Branches:
Dungeon (8/15)             Temple (1/1) D:5
   Lair: D:8-11

Altars:
Ashenzari
Cheibriados
Elyvilon
Fedhas
Hepliaklqana
Kikubaaqudgha
Nemelex Xobeh
Qazlal
Ru
Sif Muna
Trog
Uskayaw
Wu Jian
Xom

Shops:
D:3 (   D:5 (


Innate Abilities, Weirdness & Mutations

You regain HP and MP as you explore.
You are clumsy. (Dex -2)
You are strong-willed. (Will+)
You have great hidden genetic potential.


Message History

The wight is severely damaged.
You barely miss the wight. The wight hits you with a +3 battleaxe.
You feel drained. The wight hits you but does no damage.
A wight comes into view.
It is wielding a +3 trident of freezing.
You completely miss the wight.
The wight is severely damaged.
You hit the wight. The wight hits you but does no damage.
The wight hits you with a +3 hand axe.
You feel drained.
You slice the wight!!
You destroy the wight!
You slash the wight! The wight hits you with a +3 battleaxe.
The wight hits you from afar with a +3 trident of freezing.
The wight freezes you.
You hit the wight but do no damage.
The wight is almost destroyed.
The wight closely misses you. The wight hits you but does no damage.
The wight hits you with a +3 battleaxe.
You feel drained.
The wight hits you from afar with a +3 trident of freezing.
You feel drained. The wight freezes you.
You are too injured to fight recklessly!
You are too injured to fight recklessly!
You closely miss the wight.
The wight is almost destroyed.
The wight hits you with a +3 battleaxe!
* * * LOW HITPOINT WARNING * * *
The wight barely misses you. You block the wight's attack.
The wight barely misses you.
Items here: )) [[.
You hit the wight but do no damage.
The wight is almost destroyed.
You hit the wight but do no damage. The wight hits you with a +3 battleaxe!
* * * LOW HITPOINT WARNING * * *
You feel drained.
* * * LOW HITPOINT WARNING * * *
The wight hits you but does no damage.
Okay, then.
Okay, then.
You fade into invisibility!
The wight hits you with a +3 battleaxe!
You die...

.# ## ## ##.# ##. #.#
##..# ##.# #..###...##
#..#
#.........###..#######
#.....................
##..................#
#...........>...z..##
...
................@z..#
...#
...............###..##
#.... ...#...........#
##..## .....
..####.........#
##..###..# ..
###........# ##.....#
..# ##...##...#
##...## ..#
#...####..## #...# ..#
##...# #..###...## ..#
##...# #.........#


You could see 2 wights.

Vanquished Creatures
  Pikel (D:5)
  Maggie (D:6)
  A hornet (D:8)
  A steam dragon (D:7)
  An acid dragon (D:7)
  A water moccasin (D:5)
  An orc warrior (D:6)
  A black bear (D:3)
  2 sky beasts
  6 ice beasts
  2 ogres
  A centaur (D:7)
  A lemure (D:5)
  2 phantoms
  2 kobold brigands
  Blork the orc (D:5)
  4 bullfrogs
  A scorpion (D:5)
  9 wights
  10 killer bees
  3 howler monkeys
  3 bombardier beetles
  5 hounds
  3 orc priests
  8 orc wizards
  An iguana (D:5)
  3 adders
  4 gnolls (D:6)
  A shadow imp (D:5)
  A white imp (D:7)
  2 ufetubi (D:6)
  3 dart slugs
  26 orcs
  10 ball pythons
  11 endoplasms
  4 giant cockroaches
  13 hobgoblins
  10 jackals
  18 kobolds
  4 quokkas
  4 bats
  2 frilled lizards
  8 goblins
  A rat (D:1)
197 creatures vanquished.

Notes
Turn   | Place    | Note
-------+----------+-------------------------------------------
     0 | D:1      | adizb the Human Fighter began the quest for the Orb.
     0 | D:1      | Reached XP level 1. HP: 18/18 MP: 1/1
   120 | D:1      | Found a faded altar of an unknown god.
   135 | D:1      | Reached XP level 2. HP: 24/24 MP: 2/2
   356 | D:1      | Reached XP level 3. HP: 29/29 MP: 3/3
   746 | D:1      | Reached skill level 1 in Polearms
  1141 | D:2      | Reached XP level 4. HP: 35/35 MP: 4/4
  1840 | D:3      | Found a blossoming altar of Fedhas.
  1850 | D:3      | Found a snail-covered altar of Cheibriados.
  1913 | D:3      | Found Vuisozea's Weapon Shop.
  1932 | D:3      | Reached skill level 3 in Axes
  2008 | D:3      | Reached XP level 5. HP: 39/42 MP: 5/5
  2177 | D:4      | Noticed a black bear
  2184 | D:3      | Killed a black bear
  2192 | D:4      | Reached XP level 6. HP: 34/48 MP: 6/6
  2677 | D:4      | Reached skill level 4 in Axes
  2758 | D:4      | Found a shimmering blue altar of Sif Muna.
  2827 | D:4      | Reached XP level 7. HP: 55/55 MP: 7/7
  2941 | D:5      | Entered Level 5 of the Dungeon
  2941 | D:5      | Noticed Blork the orc
  2941 | D:5      | Found a staircase to the Ecumenical Temple.
  2947 | D:5      | Killed Blork the orc
  2957 | Temple   | Entered the Ecumenical Temple
  2992 | D:5      | Reached skill level 5 in Fighting
  2992 | D:5      | Reached skill level 5 in Armour
  3138 | D:5      | Reached skill level 5 in Axes
  3138 | D:5      | Reached XP level 8. HP: 43/63 MP: 8/8
  3177 | D:5      | Found a faded altar of an unknown god.
  3191 | D:5      | Found a hazy altar of Hepliaklqana.
  3193 | D:5      | Found a faded altar of an unknown god.
  3289 | D:5      | Found Yqatus's Antique Weapon Shoppe.
  3619 | D:5      | Noticed Pikel
  3657 | D:5      | Killed Pikel
  3658 | D:5      | Reached skill level 6 in Axes
  3732 | D:5      | Reached XP level 9. HP: 66/71 MP: 9/9
  3733 | D:5      | Identified the +1 robe "Ginemo" {Archmagi}
  4087 | D:6      | Reached skill level 1 in Dodging
  4361 | D:6      | Noticed Maggie
  4386 | D:6      | HP: 3/72 [Maggie/+0 broad axe of freezing (7)]
  4389 | D:6      | Gained mutation: You have hidden genetic potential. [potion
                  | of mutation]
  4389 | D:6      | Gained mutation: You are clumsy. (Dex -2) [potion of
                  | mutation]
  4389 | D:6      | Gained mutation: You are strong-willed. (Will+) [potion of
                  | mutation]
  4391 | D:6      | Killed Maggie
  4558 | D:6      | Reached skill level 7 in Axes
  5560 | D:7      | Reached XP level 10. HP: 30/80 MP: 10/10
  5762 | D:7      | Reached skill level 8 in Axes
  5974 | D:7      | Gained mutation: You have great hidden genetic potential.
                  | [hidden potential]
  6300 | D:8      | Paralysed by a hornet for 1 turns
  6721 | D:8      | Got Syguuh's Catalogue of Algid Execration
  6741 | D:8      | Reached skill level 9 in Axes
  6752 | D:8      | Slain by a wight

Illustrated notes

Levels and vault maps discovered:
D:1:      minmay_arrival_cross, layout_basic,
          shapermc_ecumenical_altar_acropolis
D:2:      layout_basic
D:3:      layout_loops_ring, mainiacjoe_overflow_catwalk_spiral, serial_shops,
          shop
D:4:      layout_layer_cave, mainiacjoe_overflow_chevrons, minmay_cut_off
D:5:      layout_cave_pods, nicolae_hepliaklqana_ecumenical_no_more,
          minmay_temple_entry_sparse_star, serial_shops, shop,
          uniq_blork_the_orc, uniq_pikel
D:6:      corexii_shack_village, layout_loops_ring, nicolae_titane, uniq_maggie
D:7:      layout_basic
D:8:      layout_layer_cave, grunt_temple_overflow_gold_and_silver
Temple:   eino_wide_crystal_templ

Skill      XL: |  1  2  3  4  5  6  7  8  9 10 |
---------------+-------------------------------+-----
Polearms       | 1 2 3 |  3.0
Axes           | 3 4 5 6 7 9 |  9.0
Fighting       | 4 5 6 7 8 |  8.4
Armour         | 4 5 6 7 8 |  8.3
Dodging        | 3 4 |  4.6
Shields        | |  3.0

Action                     |  1- 3 |  4- 6 |  7- 9 | 10-12 || total
---------------------------+-------+-------+-------+-------++-------
  Melee: War axe           |    12 |       |       |       ||    12
         Spear             |    99 |   103 |   300 |    70 ||   572
         Broad axe         |       |       |    63 |    88 ||   151
  Throw: Boomerang         |       |       |     3 |     6 ||     9
         Dart              |       |       |     4 |       ||     4
  Evoke: Wand              |       |       |       |     2 ||     2
    Use: Scroll            |       |     1 |     2 |     2 ||     5
         Potion            |       |       |     5 |     2 ||     7
 Armour: Scale mail        |    13 |       |       |       ||    13
         Chain mail        |    31 |    63 |    64 |       ||   158
         Ring mail         |       |       |    51 |       ||    51
         Plate armour      |       |       |   116 |   139 ||   255
  Dodge: Dodged            |    29 |    15 |   106 |    87 ||   237
  Block: Buckler           |    12 |    14 |    78 |    52 ||   156
